AoeStats
← DarkSaintOfWar

Arena

509785350Analyzed
4v4 RM · 5d ago on Sep 28, 2026· 49m 3s· 8 players
Game mode
Random Map
Map size
Large (8 player)
Population
200
Speed
Normal
Resources
Standard
Victory
Conquest
Starting age
Dark Age
Ending age
Imperial Age
RankedLock teamsTeams togetherTeam positionsShared explorationLock speedFull tech treeHidden civsTurbo modeCheats
Victory
Defeat
802
+10
🇵🇱 Teutons · Poland
710
+13
🇹🇷 Turks · Türkiye
707
+13
🇺🇸 Saxons · United States
643
+16
🇺🇸 Mongols · United States
693
-15
🇲🇽 Khmer · Mexico
671
-14
🇺🇸 Japanese · United States
652
-13
🇺🇸 Vietnamese · United States
583
-10
Hitman4Hire24
0:30 Loom
13:14 Feudal Age
13:42 Double-Bit Axe
14:34 Wheelbarrow
13:46 Horse Collar
13:59 Gold Mining
14:00 Stone Mining
14:16 Town Watch
18:51 Man-at-Arms
22:15 Arson
22:45 Forging
27:12 Castle Age
27:01 Bloodlines
27:51 Scale Mail Armor
27:52 Padded Archer Armor
27:42 Fletching
28:10 Husbandry
29:17 Hand Cart
28:46 Crossbowman
30:27 Town Patrol
31:14 Bow Saw
38:25 Thumb Ring
drtySASQUATCH69
0:33 Loom
18:51 Feudal Age
19:33 Double-Bit Axe
20:27 Wheelbarrow
19:44 Horse Collar
19:58 Gold Mining
20:01 Stone Mining
23:38 Fletching
23:49 Padded Archer Armor
23:56 Scale Barding Armor
24:02 Forging
27:52 Castle Age
29:15 Hand Cart
29:06 Heavy Plow
29:44 Gold Shaft Mining
29:07 Bodkin Arrow
29:27 Leather Archer Armor
29:46 Bow Saw
34:13 Husbandry
34:24 Bloodlines
39:00 Imperial Age
37:44 Ballistics
42:14 Stone Shaft Mining
41:49 Bracer
42:19 Conscription
42:33 Thumb Ring
42:54 Parthian Tactics
43:40 Chain Barding Armor
43:56 Iron Casting
DarkSaintOfWar
14:29 Feudal Age
17:39 Wheelbarrow
16:49 Horse Collar
16:59 Double-Bit Axe
17:22 Gold Mining
24:31 Castle Age
23:57 Forging
23:48 Scale Mail Armor
23:39 Fletching
23:38 Arson
23:59 Stone Mining
30:13 Hand Cart
30:14 Bow Saw
30:11 Heavy Plow
30:51 Gold Shaft Mining
30:21 Caravan
31:33 Treadmill Crane
32:14 Ballistics
36:15 Iron Casting
36:08 Chain Mail Armor
36:03 Squires
43:14 Imperial Age
43:09 Bodkin Arrow
45:10 Elite Samurai
46:12 Conscription
46:59 Blast Furnace
46:30 Plate Mail Armor
murphyrh
1:19 Loom
12:25 Feudal Age
18:54 Castle Age
22:39 Double-Bit Axe
29:50 Fortified Wall
31:35 Town Watch
33:16 Gold Mining
33:17 Stone Mining
35:58 Wheelbarrow
35:25 Town Patrol
36:04 Caravan
36:34 Horse Collar
44:01 Imperial Age
41:47 Hand Cart
41:53 Hand Cart
43:24 Ballistics
CaptOblivious
10:50 Feudal Age
12:59 Man-at-Arms
16:41 Arson
17:18 Forging
18:17 Scale Mail Armor
18:46 Loom
23:09 Castle Age
22:58 Horse Collar
23:08 Double-Bit Axe
24:00 Fletching
23:54 Long Swordsman
24:25 Gambesons
24:57 Chain Mail Armor
27:55 Padded Archer Armor
39:16 Imperial Age
37:44 Bodkin Arrow
39:29 Capped Ram
39:34 Pikeman
41:05 Wheelbarrow
42:36 Plate Mail Armor
ZigzagSinger667
11:44 Feudal Age
13:19 Horse Collar
19:09 Castle Age
21:57 Wheelbarrow
21:27 Heavy Plow
21:15 Double-Bit Axe
29:01 Pikeman
37:40 Imperial Age
36:26 Gold Mining
37:35 Scale Barding Armor
37:30 Scale Mail Armor
37:41 Forging
40:20 Heavy Scorpion
43:11 Chain Barding Armor
43:06 Chain Mail Armor
43:27 Iron Casting
42:55 Cavalier
45:47 Paladin
48:36 Halberdier
Dmitry Petrovich
17:21 Loom
19:08 Feudal Age
23:52 Gold Mining
23:54 Stone Mining
23:47 Horse Collar
23:56 Double-Bit Axe
25:21 Fletching
25:31 Padded Archer Armor
25:42 Forging
25:33 Scale Mail Armor
25:38 Scale Barding Armor
28:32 Castle Age
30:07 Caravan
30:37 Coinage
30:05 Bodkin Arrow
30:25 Leather Archer Armor
31:04 Wheelbarrow
30:15 Town Watch
31:58 Gold Shaft Mining
31:32 Heavy Plow
31:47 Bow Saw
35:17 Imperial Age
36:10 Elite Janissary
36:56 Bracer
37:18 Murder Holes
37:07 Treadmill Crane
37:48 Ballistics
37:40 Masonry
42:23 Hand Cart
42:09 Town Patrol
45:53 Hoardings
44:56 Sappers
周秋實欠錢不還
11:23 Feudal Age
13:57 Double-Bit Axe
18:22 Castle Age
17:29 Horse Collar
19:26 Gold Mining
19:27 Stone Mining
19:51 Bow Saw
20:05 Heavy Plow
24:01 Wheelbarrow
24:21 Caravan
24:45 Elite Skirmisher
27:27 Hand Cart
26:52 Pikeman
27:31 Treadmill Crane
28:13 Ballistics
33:45 Imperial Age
34:14 Padded Archer Armor
34:04 Fletching
34:25 Forging
34:16 Scale Mail Armor
34:21 Scale Barding Armor
33:54 Imperial Skirmisher
34:01 Halberdier
34:42 Squires
34:28 Arson
35:54 Chemistry
36:02 Paper Money
36:34 Stone Shaft Mining
37:24 Iron Casting
36:45 Bodkin Arrow
37:54 Man-at-Arms
41:51 Long Swordsman
41:52 Elite Fire Lancer
44:58 Two-Man Saw
44:33 Crop Rotation
46:10 Bombard Tower
45:56 Bracer
46:12 Leather Archer Armor
46:21 Two-Handed Swordsman
47:56 Champion
Connection lost

Rejoining the realm…

Still unreachable

The connection could not be restored.

Session expired

The server has moved on; the page needs a fresh start.